 Dungeon Crawl Stone Soup version 0.26-a0-651-gb41185065b (webtiles) character file.

Game seed: 10665563227032653212

7 Lanoc the Sneak (level 2, -3/28 HPs)
             Began as a Naga Monk on Oct 11, 2020.
             Slain by a hobgoblin
             ... wielding a +0 club
              (6 damage)
             ... on level 1 of the Dungeon.
             The game lasted 00:00:35 (318 turns).

Lanoc the Sneak (Naga Monk)                          Turns: 318, Time: 00:00:36

Health: -3/28      AC:  1    Str: 13    XL:     2   Next: 4%
Magic:  2/2        EV: 10    Int: 10    God:
Gold:   37         SH:  0    Dex: 13    Spells: 1/1 levels left

rFire    . . .     SeeInvis +   a - +0 falchion
rCold    . . .     Faith    .   (no shield)
rNeg     . . .     Spirit   .   d - +0 robe
rPois    +         Reflect  .   (no helmet)
rElec    .         Harm     .   (no cloak)
rCorr    .         Rampage  .   (no gloves)
MR       .....                  (no barding)
Stlth    ++........             (no amulet)
HPRegen  0.09/turn              (no ring)
MPRegen  0.08/turn              (no ring)

@: brilliant, short of breath, very slow
A: large, see invisible, deformed body, poison resistance, slowness 2, spit
poison 1, AC +0
a: Spit Poison


You were on level 1 of the Dungeon.
You visited 1 branch of the dungeon, and saw 1 of its levels.

You collected 37 gold pieces.

Inventory:

Hand Weapons
 a - a +0 falchion (weapon)
 b - a +0 dagger
Armour
 d - a +0 robe (worn)
Scrolls
 c - a scroll of teleportation {unknown}
 e - a scroll of enchant weapon {unknown}


   Skills:
 + Level 3.1 Fighting
 * Level 3.2 Long Blades
 + Level 2.5 Dodging
 + Level 3.2 Stealth


You had one spell level left.
You didn't know any spells.
Your spell library was empty.

Dungeon Overview and Level Annotations

Branches:
Dungeon (1/15)

Altars:


Innate Abilities, Weirdness & Mutations

You cannot wear boots.
Your serpentine skin is tough. (AC +0)
You have supernaturally acute eyesight. (SInv)
Armour fits poorly on your strangely shaped body.
Your system is resistant to poisons. (rPois)
You cover ground very slowly.
You can spit poison.


Message History

The splash of poison hits the goblin.
The goblin is heavily wounded.
The goblin hits you but does no damage. The hobgoblin closely misses you.
You riposte.
You hit the hobgoblin.
The hobgoblin is almost dead.
You are too injured to fight recklessly!
You hit the goblin.
You kill the goblin!
You have reached level 2!
The hobgoblin hits you with a +0 club.
* * * LOW HITPOINT WARNING * * *
It was a potion of brilliance.
You feel clever all of a sudden. The dart slug launches a dart at you.
The slug dart misses you. The hobgoblin hits you with a +0 club.
* * * LOW HITPOINT WARNING * * *
You completely miss the hobgoblin.
The hobgoblin is almost dead.
The hobgoblin hits you with a +0 club.
You die...

#...# #..## ...# #.#.#
#... ###..#####.#.# ####
#........#.#.#######.
####...........(........
?...........#[..........
..$.............#.######
......l.....†...#..##
......w@....#.......#
......g.....##.##.....#
##.....##..###.####....#
###### ##...#.# #...#
###...# ##.. ##..# ##
##.# #.# ###


You could see a dart slug, a hobgoblin and a frilled lizard.

Vanquished Creatures
  A leopard gecko (D:1)
  A bat (D:1)
  3 goblins (D:1)
  A kobold (D:1)
  A rat (D:1)
7 creatures vanquished.

Notes
Turn   | Place    | Note
-------+----------+-------------------------------------------
     0 | D:1      | Lanoc the Naga Monk began the quest for the Orb.
     0 | D:1      | Reached XP level 1. HP: 21/21 MP: 1/1
   316 | D:1      | Reached XP level 2. HP: 12/28 MP: 2/2
   318 | D:1      | Slain by a hobgoblin

Illustrated notes

Levels and vault maps discovered:
D:1:      co_arrival_random_square_maze, layout_rooms

Action                   || total
-------------------------++-------
Melee: Falchion          ||    16
 Abil: Spit Poison       ||     2
  Use: Potion            ||     1
Armor: Robe              ||     1
Dodge: Dodged            ||    11
       Rpst.: Falchion   ||     5

Table legend: (Time is in decaauts)
 A = Elapsed time spent in this place.
 B = Non-inter-level travel time spent in this place.
 C = Inter-level travel time spent in this place.
 D = Time resting spent in this place.
 E = Time spent auto-exploring this place.
 F = Levels seen in this place.
 G = Mean time per level.
                   A        B        C        D        E       F      G
               +--------+--------+--------+--------+--------+-----+--------+
         Total |    364 |    364 |      0 |      0 |    307 |   1 |  364.0 |
       Dungeon |    364 |    364 |      0 |      0 |    307 |   1 |  364.0 |
               +--------+--------+--------+--------+--------+-----+--------+

Top non-repeatable levels by time:
     D:1: 364 daAuts
